 Dungeon Crawl Stone Soup version 0.15.0-18-g9076a4f (webtiles) character file.

94 Kex the Ruffian (level 4, 0/36 HPs)
             Began as a Draconian Transmuter on Sept 6, 2014.
             Slain by an ogre
             ... wielding a +0 giant club
              (23 damage)
             ... on Level 2 of the Dungeon.
             The game lasted 00:13:17 (2083 turns).

Kex the Ruffian (Draconian Transmuter)              Turns: 2083, Time: 00:13:18

HP   0/36        AC  5     Str 13      XL: 4   Next: 38%
MP   4/8         EV 12     Int 13      God:
Gold 141         SH  0     Dex 12      Spells:  2 memorised,  4 levels left

rFire  . . .     SeeInvis .     b - 30 arrows
rCold  . . .     Clarity  .     (armour unavailable)
rNeg   . . .     rCorr    .     (no shield)
rPois  .         rRot     .     (helmet restricted)
rElec  .         Spirit   .     (no cloak)
SustAb .         Warding  .     (no gloves)
rMut   .         Stasis   .     (no boots)
Gourm  .                        (no amulet)
MR     .....                    (no ring)
                                (no ring)

@: not resistant to hostile enchantments, very unstealthy
A: unfitting armour, cold-blooded, AC +5
a: no special abilities


You were on level 2 of the Dungeon.
You were hungry.

You visited 1 branch of the dungeon, and saw 3 of its levels.

You collected 141 gold pieces.

Inventory:

Hand weapons
 e - a +0 short sword
Missiles
 b - 30 arrows (in hand)
Comestibles
 a - 2 bread rations
 l - a beef jerky
 m - a rotting chunk of worm flesh
 s - a chunk of goblin flesh
Scrolls
 c - a scroll of identify {unknown}
 i - a scroll of blinking {unknown}
 k - a scroll of fear {unknown}
 p - a scroll of fog {unknown}
 r - a scroll of teleportation {unknown}
Jewellery
 n - a cursed ring of protection from magic {unknown}
Potions
 f - a potion of resistance {unknown}
 g - 3 potions of curing {unknown}
 h - a potion of restore abilities {unknown}
 j - a potion of agility {unknown}
 o - a potion of mutation {unknown}
 q - 2 potions of poison {unknown}
Books
 d - a book of Changes

   Spells                             Type                      Level
   *Beastly Appendage                 Transmutation                1
   *Sticks to Snakes                  Transmutation                2
   Spider Form                        Transmutation/Poison         3
   Ice Form                           Ice/Transmutation            4
   Blade Hands                        Transmutation                5


   Skills:
 + Level 1.8 Fighting
 + Level 2.3 Dodging
 + Level 3.9 Unarmed Combat
 + Level 2.4 Spellcasting
 * Level 2.8 Transmutations


You had 4 spell levels left.
You knew the following spells:

 Your Spells              Type           Power        Failure   Level  Hunger
a - Beastly Appendage     Trmt           #.....       10%         1    #......
b - Sticks to Snakes      Trmt           #.........   14%         2    ###....


Dungeon Overview and Level Annotations

Branches:
Dungeon (3/15)

Altars:
Ashenzari


Innate Abilities, Weirdness & Mutations

Your plain brown scales are hard (AC +5).
Your body does not fit into most forms of armour.
Your cold-blooded metabolism reacts poorly to cold.


Message History

The ogre hits your ball python with a giant club!!
Your ball python dies!
Casting: Sticks to Snakes
Confirm with . or Enter, or press ? or * to list all spells.
You create a snake!
You swap places.
The ogre hits your ball python with a giant club!
Your ball python dies!
You are feeling hungry.
The ogre hits you with a giant club!
Casting: Sticks to Snakes
Confirm with . or Enter, or press ? or * to list all spells.
You don't know that spell.
Casting: Sticks to Snakes
Confirm with . or Enter, or press ? or * to list all spells.
You create a snake!
Your ball python bites the ogre.
The ogre hits you with a giant club!!
Ouch! That really hurt!
You die...

#..#...............#.##........
#..####........##.##.##.###.###
#....................##.###.###
#.##...⌠..#+##.⌠#..####...#....
#.###.####...####.## #.#.#####
#.# #....#...#....#####.#.# #
##.#####..#...#.S#....#....#####
##.#.#####.##'.#.O.....#.........
#.###...........@##....#...####..
##.#.#########.###.......### #..
##.## #..<...#.##.# #.. #.#
#####.##.##.# #.. ##># #.##.##.#
#.. #..# ####### #.......# #..
##.### #.....# #.##.#..######..
.)...## #.....###...............
#.....# #.........#.............


You could see an ogre and a friendly ball python.

Vanquished Creatures
  3 adders (D:2)
  A gnoll (D:1)
  A worm (D:2)
  2 giant geckos (D:1)
  8 hobgoblins
  9 kobolds
  2 quokkas (D:2)
  7 bats
  2 giant cockroaches (D:1)
  2 giant newts (D:2)
  11 goblins
  7 rats
55 creatures vanquished.

Notes
Turn   | Place    | Note
--------------------------------------------------------------
     0 | D:1      | Kex, the Draconian Transmuter, began the quest for the Orb.
     0 | D:1      | Reached XP level 1. HP: 16/16 MP: 3/3
    69 | D:1      | Reached XP level 2. HP: 23/23 MP: 2/4
   681 | D:1      | Reached XP level 3. HP: 20/28 MP: 4/6
   698 | D:1      | Learned a level 2 spell: Sticks to Snakes
  1324 | D:2      | Found a shattered altar of Ashenzari.
  1390 | D:2      | Reached XP level 4. HP: 34/36 MP: 6/8
  1990 | D:3      | Noticed an ogre
  2083 | D:2      | Slain by an ogre

Action                   |  1- 3 |  4- 6 || total
-------------------------+-------+-------++-------
Melee: Unarmed           |   107 |    49 ||   156
 Cast: Beastly Appendage |    31 |     9 ||    40
       Sticks to Snakes  |       |     9 ||     9
  Eat: Chunk             |     2 |     3 ||     5
